 Dungeon Sprint DCSS version 0.31-a0-18-gea43df2a32 (webtiles) character file.

Game seed: 10435545325713412599

13137 sircluck the Brawler (level 11, -13/190 HPs)
             Began as a Troll Berserker on May 11, 2023.
             Was a High Priest of Trog.
             Mangled by a frost giant
             ... wielding a +2 battleaxe of freezing
              (36 damage)
             ... in the Dungeon (Sprint II: "The Violet Keep of Menkaure").
             The game lasted 00:05:51 (672 turns).

sircluck the Brawler (Troll Berserker)               Turns: 672, Time: 00:05:52

Health: -13/190    AC:  4    Str: 31    XL:     11   Next: 71%
Magic:  10/10      EV: 13    Int:  3    God:    Trog [*****.]
Gold:   1191       SH:  0    Dex:  9    Spells: 10/10 levels left

rFire   . .          .
                       - Unarmed
rCold   . . .        (no shield)
rNeg    . . .        a - +0 animal skin
rPois   .            (helmet restricted)
rElec   .            (no cloak)
rCorr   .            (gloves unavailable)
SInv    .            (boots unavailable)
Will    .....        (no amulet) Stlth
                     h - ring of flight
HPRegen 1.31/turn    (no ring)
MPRegen 0.12/turn

%: no teleportation
@: berserking (expiring), flying, very quick
A: large, unfitting armour, claws 3, regeneration 1, shaggy fur 1, tough skin 1
a: Renounce Religion, Berserk, Trog's Hand, Brothers in Arms


You were in the Dungeon.
You worshipped Trog.
Trog was extremely pleased with you.
You visited 1 branch You collected 2307 gold pieces.
You spent 1116 gold pieces at shops.

Inventory:

Missiles
 i - 6 stones (quivered)
Armour
 a - a +0 animal skin (worn)
 n - a +0 cloak of poison resistance
Jewellery
 h - a ring of flight (left claw)
Scrolls
 g - 3 scrolls of blinking
 k - a scroll of fear {unknown}
 l - a scroll of enchant weapon {unknown}
Potions
 b - a potion of curing
 c - a potion of heal wounds
 d - a potion of haste
 e - 2 potions of magic
 f - a potion of berserk rage
 j - 2 potions of ambrosia {unknown}
 m - 3 potions of flight {unknown}


   Skills:
 + Level 13.3 Fighting
 + Level 13.6 Dodging
 + Level 0.8 Stealth
 + Level 20.1 Unarmed Combat


You had 10 spell levels left.
You didn't know any spells.
Your spell library was empty.

Dungeon Overview and Level Annotations

Branches:
Dungeon (1/1)

Altars:

Shops:
D [([(:(!?!*:![[!=:?*=?[!?=:(

Annotations:
D exclusions: ice statue and oklob plant


Innate Abilities, Weirdness & Mutations

You are too large for most types of armour.
You have claws for hands.
Your natural rate of healing is unusually fast.
You are covered in fur. (AC +1)
You have tough skin. (AC +1)


Message History

Your Unarmed Combat skill increases to level 19!
The golden dragon bites you!
* * * LOW HITPOINT WARNING * * *
The golden dragon claws you!
* * * LOW HITPOINT WARNING * * *
The golden dragon closely misses you.
There is an open door, spattered with blood here.
Things that are here:
+0 storm dragon scales; a storm dragon corpse You mangle the golden dragon!!
The golden dragon is moderately wounded.
You eviscerate the golden dragon!!! Your claw misses the golden dragon.
The golden dragon is severely wounded.
Your iron troll barely misses the deep elf high priest.
Your iron troll claws the deep elf high priest.
Your iron troll claws the deep elf high priest!!
The golden dragon bites you.
* * * LOW HITPOINT WARNING * * *
The golden dragon claws you!
* * * LOW HITPOINT WARNING * * *
The golden dragon barely misses you.
The deep elf high priest hits your iron troll with a +1 long sword of holy wrath!
You barely miss the golden dragon.
The golden dragon is severely wounded.
You eviscerate the golden dragon!!!
You feel the power of Trog in you as your rage grows.
You kill the golden dragon!
Trog accepts your kill.
The gold dragon scales are intact enough to wear.
Your iron troll bites the deep elf high priest!
Your iron troll claws the deep elf high priest!
The deep elf high priest dies!
Trog accepts your kill.
Your Fighting skill increases to level 13!
Your Unarmed Combat skill increases to level 20!
Things that are here:
+0 gold dragon scales; a golden dragon corpse You feel a strong urge to attack something.
The frost giant hits you with a +2 battleaxe of freezing!!!
You die...

########### #....†.'..#
#...)..#÷.####
#'######'##).####+####
#∩∩∩∩∩∩#)†[.##≈≈≈≈≈≈≈##
#∩∩∩∩∩∩#T[###≈≈≈≈○≈≈≈≈##
#########@.+ °≈○8≈≈≈≈°#
#..C#### ≈≈≈≈○≈≈
........)~## ≈≈≈≈
############~~#+++#+++##
###########~~~.........#
##.......∩#~~~~.##'##..#
##∩.....∩.#~~~~###.### #
##.∩...∩.∩#~~~~#..#..#
##∩.∩.∩.∩.#~~####.#.##


You could see a frost giant and a friendly iron troll (summoned, berserk).

Vanquished Creatures
  A golden dragon (D)
  A bone dragon (D)
  A storm dragon (D)
  A great orb of eyes (D)
  3 manticores (D)
  A merfolk siren (D)
  An elephant (D)
  2 cane toads (D)
  A blink frog (D)
  2 wyverns (D)
  Menkaure (D)
  2 redbacks (D)
  A necrophage (D)
  4 scorpions (D)
  An iron imp (D)
  2 worms (D)
25 creatures vanquished.

Vanquished Creatures (collateral kills)
  Kirke (D)
  A cacodemon (D)
  A deep elf high priest (D)
  A yaktaur captain (D)
  A centaur warrior (D)
  A skeletal warrior (D)
  A kobold demonologist (D)
  2 wyverns (D)
9 creatures vanquished.

Vanquished Creatures (others)
  A water moccasin (D)
1 creature vanquished.

Grand Total: 35 creatures vanquished

Notes
Turn   | Place    | Note
-------+----------+-------------------------------------------
     0 | D        | sircluck the Troll Berserker began the quest for the Orb.
     0 | D        | Reached XP level 1. HP: 22/22 MP: 0/0
     1 | D        | Noticed a scorpion
     1 | D        | Noticed a scorpion
     1 | D        | Noticed a scorpion
     1 | D        | Noticed a scorpion
     9 | D        | Noticed a wyvern
     9 | D        | Noticed a wyvern
    13 | D        | Noticed a merfolk siren
    21 | D        | HP: 1/33 [merfolk siren/+0 trident (7)]
    27 | D        | Killed a merfolk siren
    28 | D        | Reached skill level 8 in Unarmed Combat
    28 | D        | Reached XP level 2. HP: 7/37 MP: 1/1
    28 | D        | Reached XP level 3. HP: 8/45 MP: 2/2
    28 | D        | Reached XP level 4. HP: 10/53 MP: 3/3
    28 | D        | Reached XP level 5. HP: 11/61 MP: 4/4
    28 | D        | Reached XP level 6. HP: 13/68 MP: 5/5
    80 | D        | Reached ** piety under Trog
    93 | D        | Killed a wyvern
    94 | D        | Reached skill level 9 in Unarmed Combat
    97 | D        | Killed a wyvern
    98 | D        | Reached skill level 10 in Unarmed Combat
    98 | D        | Reached XP level 7. HP: 12/80 MP: 6/6
   107 | D        | Noticed a flying skull
   107 | D        | Noticed a flying skull
   107 | D        | Noticed a flying skull
   107 | D        | Noticed a flying skull
   107 | D        | Noticed a flying skull
   107 | D        | Noticed a flying skull
   108 | D        | Noticed a flying skull
   108 | D        | Noticed a flying skull
   108 | D        | Noticed a flying skull
   108 | D        | Noticed a flying skull
   109 | D        | Noticed a flying skull
   109 | D        | Noticed a flying skull
   118 | D        | Reached *** piety under Trog
   190 | D        | Noticed an ice statue
   192 | D        | Noticed Menkaure
   196 | D        | Killed Menkaure
   196 | D        | Reached **** piety under Trog
   197 | D        | Reached skill level 11 in Unarmed Combat
   197 | D        | Found Qoessosi's Book Shoppe.
   197 | D        | Found Naxus's Antique Weapon Emporium.
   198 | D        | Found Viveg's Magic Scroll Shoppe.
   198 | D        | Found Meoneppe's Jewellery Emporium.
   199 | D        | Found Jeum's Distillery.
   200 | D        | Found Gytye's Assorted Antiques.
   200 | D        | Found Ojojuov's Jewellery Emporium.
   202 | D        | Found Voudghel's Jewellery Shoppe.
   204 | D        | Found Tidomi's Distillery.
   204 | D        | Found Honacikh's Antique Armour Shoppe.
   211 | D        | Found Xoreuxko's Distillery.
   211 | D        | Found Baonatue's Magic Scroll Shoppe.
   211 | D        | Noticed an oklob plant
   212 | D        | Found Jeecont's Antique Weapon Shoppe.
   212 | D        | Found Qorajego's Book Shoppe.
   212 | D        | Found Dahynazeu's Antique Armour Emporium.
   219 | D        | Bought a ring of flight for 245 gold pieces
   219 | D        | Noticed a fire dragon
   251 | D        | Noticed a blink frog
   273 | D        | Killed a blink frog
   274 | D        | Reached XP level 8. HP: 69/92 MP: 7/7
   290 | D        | Noticed an elephant
   290 | D        | Noticed a centaur warrior
   290 | D        | Noticed Kirke
   290 | D        | Noticed a skeletal warrior
   290 | D        | Noticed a kobold demonologist
   290 | D        | Noticed a yaktaur captain
   300 | D        | Killed a yaktaur captain
   301 | D        | Reached skill level 12 in Unarmed Combat
   302 | D        | Killed a kobold demonologist
   303 | D        | Reached skill level 13 in Unarmed Combat
   303 | D        | Reached XP level 9. HP: 101/101 MP: 8/8
   305 | D        | Killed Kirke
   305 | D        | Reached ***** piety under Trog
   306 | D        | Reached skill level 10 in Fighting
   306 | D        | Reached skill level 10 in Dodging
   306 | D        | Reached skill level 14 in Unarmed Combat
   306 | D        | Killed a skeletal warrior
   307 | D        | Reached skill level 15 in Unarmed Combat
   308 | D        | Killed an elephant
   309 | D        | Reached XP level 10. HP: 113/113 MP: 9/9
   309 | D        | Killed a centaur warrior
   328 | D        | Noticed a cane toad
   328 | D        | Noticed a cane toad
   329 | D        | Killed a cane toad
   329 | D        | Received a gift from Trog
   330 | D        | Reached skill level 16 in Unarmed Combat
   331 | D        | Killed a cane toad
   339 | D        | Noticed a manticore
   339 | D        | Noticed a great orb of eyes
   339 | D        | Noticed a manticore
   339 | D        | Noticed a manticore
   354 | D        | Killed a manticore
   355 | D        | HP: 3/172 [manticore/volley of spikes (11)]
   448 | D        | Killed a great orb of eyes
   449 | D        | Reached skill level 17 in Unarmed Combat
   453 | D        | Killed a manticore
   512 | D        | Killed a manticore
   592 | D        | Found Dymeri's Armour Emporium.
   592 | D        | Found Conoroma's Weapon Shop.
   592 | D        | Found Wutiq's Antique Weapon Shop.
   592 | D        | Found Xeloemir's Distillery.
   592 | D        | Found Arhuv's Book Boutique.
   593 | D        | Found Heump's Assorted Antiques.
   593 | D        | Found Tiomum's Antique Armour Boutique.
   593 | D        | Found Hexax's Book Emporium.
   593 | D        | Found Wocwuagh's Magic Scroll Shop.
   593 | D        | Found Bolehint's Distillery.
   593 | D        | Found Rear Yfegaxt's Magic Scroll Shop.
   593 | D        | Found Syoqith's Armour Shoppe.
   602 | D        | Bought a scroll of acquirement for 572 gold pieces
   602 | D        | Bought a scroll of blinking for 82 gold pieces
   602 | D        | Bought a scroll of blinking for 82 gold pieces
   613 | D        | Bought a glowing cloak for 135 gold pieces
   615 | D        | Acquired 825 gold pieces
   634 | D        | Reached ****** piety under Trog
   636 | D        | Received a gift from Trog
   644 | D        | Noticed a golden dragon
   644 | D        | Noticed a cacodemon
   644 | D        | Noticed a storm dragon
   644 | D        | Noticed a deep elf high priest
   651 | D        | Noticed a bone dragon
   652 | D        | Noticed a frost giant
   659 | D        | Killed a storm dragon
   660 | D        | Reached skill level 18 in Unarmed Combat
   660 | D        | Reached XP level 11. HP: 106/124 MP: 10/10
   662 | D        | Killed a cacodemon
   665 | D        | Killed a bone dragon
   666 | D        | Reached skill level 19 in Unarmed Combat
   670 | D        | Killed a golden dragon
   670 | D        | Killed a deep elf high priest
   671 | D        | Reached skill level 20 in Unarmed Combat
   672 | D        | Mangled by a frost giant

Illustrated notes

Levels and vault maps discovered:
D:        the_violet_keep_of_menkaure [sprint2_stairs_cluster_1,
          sprint2_shoproom, sprint2_temple, sprint2_basic_supplies,
          sprint2_obstacle_1, sprint2_obstacle_3, sprint2_obstacle_2,
          sprint2_obstacle_7, sprint2_obstacle_4, sprint2_timed_cluster_1,
          sprint2_smallroom_cluster_1, sprint2_smallroom_final_cluster_1,
          sprint2_transparent_cluster_1, sprint2_second_timed_cluster_1,
          sprint2_sniper_area_1, sprint2_heavy_combat_area_1,
          sprint2_mutation_trap_area_1, sprint2_forest_area_1,
          sprint2_light_combat_area_1, sprint2_behind_water_1,
          sprint2_near_end_vault_1]

Skill      XL: |  1  2  3  4  5  6  7  8  9 10 11 |
---------------+----------------------------------+-----
Fighting       | 6 8 9 11 12 13 | 13.3
Dodging        | 6 7 8 9 11 12 13 | 13.6
Unarmed Combat | 8 10 11 13 15 18 20 | 20.1
Stealth        | |  0.8

Action                     |  1- 3 |  4- 6 |  7- 9 | 10-12 || total
---------------------------+-------+-------+-------+-------++-------
  Melee: Unarmed           |    10 |    14 |    20 |    44 ||    88
         Punch             |       |       |       |     2 ||     2
 Invoke: Berserk           |     1 |     1 |       |     2 ||     4
         Brothers in Arms  |       |       |     1 |     1 ||     2
    Use: Scroll            |       |       |       |     1 ||     1
 Armour: Animal skin       |       |     2 |     2 |     6 ||    10
  Dodge: Dodged            |     4 |     3 |    15 |    25 ||    47

Table legend: (Time is in decaauts)
 A = Elapsed time spent in this place.
 B = Non-inter-level travel time spent in this place.
 C = Inter-level travel time spent in this place.
 D = Time resting spent in this place.
 E = Time spent auto-exploring this place.
 F = Levels seen in this place.
 G = Mean time per level.
                   A        B        C        D        E       F      G
               +--------+--------+--------+--------+--------+-----+--------+
         Total |    673 |    633 |     40 |    257 |    106 |   1 |  673.0 |
       Dungeon |    673 |    633 |     40 |    257 |    106 |   1 |  673.0 |
               +--------+--------+--------+--------+--------+-----+--------+

Top non-repeatable levels by time:
       D: 673 daAuts
